 Dungeon Crawl Stone Soup version 0.16.0-18-g484a79e (webtiles) character file.

80705 Gorice the Destroyer (level 14, -5/93 HPs)
             Began as a Demigod Fire Elementalist on Mar 21, 2015.
             Slain by a sixfirhy (9 damage)
             ... summoned by an orc high priest
             ... on level 4 of the Orcish Mines on Mar 22, 2015.
             The game lasted 05:21:17 (31579 turns).

Gorice the Destroyer (Demigod Fire Elementalist)   Turns: 31579, Time: 05:21:17

Health: -5/93      AC: 11    Str: 11    XL:     14   Next: 84%
Magic:  22/34      EV: 12    Int: 27    God:
Gold:   1560       SH:  0    Dex: 16    Spells: 9 memorised, 5 levels left

rFire  + . .     SeeInvis .     A - +4 demon trident (elec)
rCold  . . .     Clarity  .     P - +2 leather armour {rN+}
rNeg   + . .     SustAb   +     (no shield)
rPois  .         Gourm    .     (no helmet)
rElec  .         Spirit   .     H - +0 cloak
rCorr  .         Warding  .     u - +1 pair of gloves
rMut   .         Stasis   .     f - +0 pair of boots {Fly}
MR     ++...                    G - amulet of regeneration
Stlth  ++........               p - ring of protection from fire
                                R - ring of protection from magic

@: flying, very resistant to hostile enchantments, unstealthy
A: yellow scales 1, sustain abilities
a: Stop Flying


You were on level 4 of the Orcish Mines.
You were hungry.

You visited 3 branches of the dungeon, and saw 23 of its levels.
You also visited: Ossuary.

You collected 3100 gold pieces.
You spent 1540 gold pieces at shops.

Inventory:

Hand weapons
 a - a +2 whip of electrocution
   (You took it off an orc priest on level 8 of the Dungeon)
 y - a +0 quarterstaff of freezing
   (You took it off Fannar on level 4 of the Orcish Mines)
 A - a +4 demon trident of electrocution (weapon)
   (You took it off Donald on level 4 of the Orcish Mines)
 B - a +0 blowgun
Missiles
 v - 10 poisoned needles
 C - a curare-tipped needle
 X - 8 tomahawks of dispersal (quivered)
Armour
 f - a +0 pair of boots of flying (worn)
   (You found it on level 11 of the Dungeon)
 u - a +1 pair of gloves (worn)
 H - a +0 cloak (worn)
 P - a +2 leather armour of positive energy (worn)
   (You took it off an orc on level 11 of the Dungeon)
Magical staves
 E - an uncursed staff of energy
Jewellery
 h - an uncursed ring of protection from cold
 i - an uncursed ring of protection from cold
 p - a ring of protection from fire (right hand)
 t - an uncursed ring of ice
 F - an uncursed ring of protection from magic
 G - an amulet of regeneration (around neck)
 L - an uncursed amulet of clarity
 R - a ring of protection from magic (left hand)
 V - an uncursed ring of poison resistance
 Y - an uncursed ring of teleport control
Magical devices
 e - a wand of lightning (2)
 j - a wand of cold (6)
 l - a wand of teleportation (4) {!d}
Scrolls
 k - 13 scrolls of teleportation {!r}
 m - 8 scrolls of remove curse
 M - 2 scrolls of fog
 N - 12 scrolls of identify
Potions
 b - 3 potions of haste {!q}
 o - 3 potions of might {!q}
 q - a potion of berserk rage
 r - 2 potions of magic {!q}
 s - 2 potions of heal wounds {!q}
 w - a potion of invisibility {!q}
 x - 9 potions of curing
 z - 4 potions of agility {!q}
 I - a potion of cure mutation {!q}
 K - 4 potions of cancellation {!q}
Books
 D - a book of Fire
Miscellaneous
 n - a lamp of fire
 S - a sack of spiders {used: 3}
 W - a phial of floods
Comestibles
 c - 11 bread rations {!e}
 d - 7 chunks of flesh
 g - 11 fruits


   Skills:
 - Level 1.7 Dodging
 - Level 1.7 Stealth
 + Level 10.9 Spellcasting
 * Level 14.5 Conjurations
 - Level 3.1 Necromancy
 * Level 14.5 Fire Magic
 - Level 8.0 Evocations


You had 5 spell levels left.
You knew the following spells:

 Your Spells              Type           Power        Failure   Level  Hunger
a - Flame Tongue          Conj/Fire      #####        0%          1    None
b - Throw Flame           Conj/Fire      ######       1%          2    None
c - Conjure Flame         Conj/Fire      #######.     1%          3    None
d - Sticky Flame          Conj/Fire      #######.     1%          4    None
e - Fireball              Conj/Fire      #######...   1%          5    ###....
f - Inner Flame           Hex/Fire       ######..     1%          3    None
g - Stone Arrow           Conj/Erth      ######       1%          3    None
h - Sublimation of Blood  Necr           ####......   2%          2    None
i - Bolt of Fire          Conj/Fire      #######...   1%          6    #####..


Dungeon Overview and Level Annotations

Branches:
Dungeon (11/15)            Temple (0/1) D:4            Lair (8/8) D:10
  Swamp (0/5) Lair:4        Snake (0/5) Lair:3        Slime (0/6) Lair:6
    Orc (4/4) D:11            Elf (0/3) Orc:4

Shops:
Orc:1 !!::   Orc:3 (   Orc:4 ==

Annotations:
D:2 Sigmund
D:11 exclusion: 2 oklob saplings
Lair:8 vpUX: Dragon's lair


Innate Abilities, Weirdness & Mutations

Your attributes are resistant to harm.
You are partially covered in yellow scales (AC +2).


Message History

Aiming: Inner Flame
Press: ? - help, Shift-Dir - straight line, f - orc warrior
Aim: an orc warrior, wielding a flail and wearing a plate armour (flame, chance 94%)
The orc warrior barely resists.
The orc warrior is engulfed in roaring flames.
The orc high priest calls upon Beogh to heal the orc warrior.
The orc warrior's wounds heal themselves!
Some of the chunks of flesh in your inventory have rotted away.
The orc high priest mumbles some strange prayers to Beogh.
The orc high priest starts to sing a prayer.
Casting: Inner Flame
Confirm with . or Enter, or press ? or * to list all spells.
Aiming: Bolt of Fire
Press: ? - help, Shift-Dir - straight line, f - orc high priest, p - orc warrior
Aim: an orc high priest, wielding a scimitar and wearing a leather armour The bolt of fire hits the sixfirhy.
The sixfirhy is severely wounded.
The bolt of fire misses the orc warrior.
The bolt of fire misses the orc.
Unknown command.
The sixfirhy hits you. The sixfirhy shocks you!
You take 9 damage.
The sixfirhy barely misses you.
The sixfirhy hits you but does no damage.
The sixfirhy hits you. The sixfirhy shocks you!
You take 13 damage.
The sixfirhy closely misses you. The sixfirhy misses you.
The orc high priest mumbles some strange prayers to Beogh against you.
Something smites you!
You take 13 damage.
An orc sorcerer comes into view. It is wielding a dagger.
The sixfirhy barely misses you.
The orc sorcerer shouts!
The sixfirhy hits you. The sixfirhy shocks you!
The sixfirhy hits you but does no damage.
The sixfirhy hits you. The sixfirhy shocks you!
There is a stone staircase leading up here.
You take 20 damage.
Unknown command.
The sixfirhy hits you! The sixfirhy shocks you!
* * * LOW HITPOINT WARNING * * *
The sixfirhy hits you!
* * * LOW HITPOINT WARNING * * *
The sixfirhy shocks you!
* * * LOW HITPOINT WARNING * * *
The sixfirhy hits you but does no damage.
The sixfirhy hits you!
* * * LOW HITPOINT WARNING * * *
The sixfirhy shocks you!
You die...

#####.######...........# #
##.##.....o.o...........#####
#.....>....#.....#..........)
##..#.##.........##.#########
##...##(............##.._..##
#...##........(..##.#.......#
###..##....#....(#..#.#.)))...#
##......(...#.....[....#'###...#
##..............@...)...#...#...#
#......((......o44..[...#.8.#8.8#
#......<#............[..#)).#.∩.#
#.......###.....o[).....#'#######
.....#...###....o................
..........####..........#)..####.
..)........###..o......[......#..
............###..[)....[..#......
...........####..................


You could see an orc high priest, 2 sixfirhies, an orc sorcerer, 2 orc warriors,
an orc priest (wandering) and an orc.

Vanquished Creatures
  Donald (Orc:4)
  Maud (Lair:5)
  Fannar (Orc:4)
  A catoblepas (Lair:8)
  Erica (D:11)
  8 hydras
  4 orc high priests
  16 death yaks
  Urug (D:11)
  Nergalle (D:10)
  An ice statue (Lair:6)
  2 orc knights (Orc:4)
  2 hill giants
  A lindwurm (Lair:8)
  An ugly thing (D:11)
  The ghost of Sorcv the Covert, an experienced KoEn of Ashenzari (D:8)
  3 griffons
  A centaur zombie (D:11)
  7 black mambas
  14 elephants
  A torpor snail (Lair:4)
  11 spiny frogs
  13 komodo dragons
  6 fire drakes
  The ghost of puimuR the Summoner, an experienced OpSu (D:5)
  8 polar bears
  17 blink frogs
  A freezing wraith (Lair:6)
  Sonja (D:10)
  2 baby alligators (Lair:4)
  A raven (Lair:6)
  2 wandering mushrooms (D:11)
  A boulder beetle (Lair:6)
  A queen bee (Lair:1)
  5 basilisks
  A shadow (D:11)
  A wraith (Ossuary)
  8 hippogriffs
  Eustachio (D:6)
  Grum (Orc:4)
  2 vampire mosquitoes (D:11)
  2 wyverns
  A mottled dragon (Lair:8)
  2 hungry ghosts
  33 yaks
  20 wolves
  A steam dragon (Lair:8)
  Edmund (D:9)
  Menkaure (D:4)
  10 porcupines
  2 wargs
  4 nagas (Lair:3)
  19 water moccasins
  A necrophage (D:11)
  A wasp (D:10)
  9 ice beasts
  27 orc warriors
  6 sky beasts
  An eye of draining (D:10)
  10 ogres
  2 phantoms
  4 centaurs
  16 crocodiles
  A boring beetle (Lair:1)
  18 giant frogs
  2 big kobolds (D:11)
  3 scorpions
  10 wights
  23 killer bees
  7 electric eels (D:8)
  A wasp zombie (D:9)
  7 crimson imps
  4 goliath beetles
  9 hounds
  11 jellies
  A quasit (D:9)
  10 worker ants
  2 centaur skeletons
  4 giant frog skeletons
  16 orc priests
  10 iguanas
  33 orc wizards
  26 sheep
  Ijyb (D:3)
  A hound zombie (D:8)
  A mummy (Ossuary)
  3 worker ant zombies
  12 gnolls
  42 river rats
  28 adders
  5 shadow imps
  2 giant mites
  8 white imps
  A worker ant simulacrum (D:8)
  4 worms
  3 ufetubi (D:8)
  2 adder skeletons
  2 adder simulacra (D:8)
  10 giant geckos
  4 oozes (Lair:6)
  188 orcs
  3 ball pythons
  6 giant cockroaches
  17 goblins
  24 hobgoblins
  11 jackals
  11 quokkas
  14 bats
  A giant gecko skeleton (D:4)
  4 giant newts
  A giant spore (D:8)
  7 gnoll skeletons (Ossuary)
  15 kobolds
  5 kobold skeletons (Ossuary)
  13 orc skeletons (Ossuary)
  21 rats
  4 ballistomycetes
  A plant (Lair:1)
999 creatures vanquished.

Vanquished Creatures (collateral kills)
  Gastronok (Lair:1)
  A hippogriff (Lair:1)
  A water moccasin (Lair:1)
  A killer bee (Lair:1)
  A hound (Lair:1)
5 creatures vanquished.

Vanquished Creatures (others)
  A death yak (Lair:6)
  2 trapdoor spiders (Lair:1)
  2 spiders (Lair:1)
  A giant spore (D:10)
  A ballistomycete (D:10)
  7 fungi
  3 plants
17 creatures vanquished.

Grand Total: 1021 creatures vanquished

Notes
Turn   | Place    | Note
--------------------------------------------------------------
     0 | D:1      | Gorice, the Demigod Fire Elementalist, began the quest for the Orb.
     0 | D:1      | Reached XP level 1. HP: 14/14 MP: 3/3
     7 | D:1      | Reached skill level 1 in Conjurations
   204 | D:1      | Reached skill level 2 in Spellcasting
   281 | D:1      | Reached XP level 2. HP: 12/20 MP: 3/5
   627 | D:1      | Reached skill level 3 in Fire Magic
  1261 | D:2      | Found a shadowy altar of Dithmenos.
  1288 | D:2      | Reached skill level 2 in Conjurations
  1359 | D:2      | Reached XP level 3. HP: 26/26 MP: 6/8
  1699 | D:2      | Found a white marble altar of Elyvilon.
  1756 | D:2      | Noticed Sigmund
  1799 | D:2      | Learned a level 2 spell: Throw Flame
  1803 | D:2      | Learned a level 3 spell: Conjure Flame
  1828 | D:3      | Found a shimmering altar of Xom.
  1980 | D:3      | Reached XP level 4. HP: 29/33 MP: 1/11
  2266 | D:3      | Reached skill level 3 in Conjurations
  2407 | D:3      | Noticed Ijyb
  2412 | D:3      | Killed Ijyb
  2412 | D:3      | Reached XP level 5. HP: 38/38 MP: 9/13
  2674 | D:4      | Reached skill level 3 in Spellcasting
  2681 | D:4      | Found a sparkling altar of Nemelex Xobeh.
  2712 | D:4      | Found a staircase to the Ecumenical Temple.
  3005 | D:4      | Found an iron altar of Okawaru.
  3076 | D:4      | Noticed Menkaure
  3083 | D:4      | Killed Menkaure
  3083 | D:4      | Reached skill level 4 in Conjurations
  3083 | D:4      | Reached skill level 4 in Fire Magic
  3083 | D:4      | Reached XP level 6. HP: 45/45 MP: 10/17
  3539 | D:5      | Entered Level 5 of the Dungeon
  3545 | D:5      | Noticed puimuR's ghost (experienced OpSu)
  3555 | D:5      | Killed puimuR's ghost
  3587 | D:5      | Reached XP level 7. HP: 43/50 MP: 10/19
  3642 | D:5      | Found a sand-covered staircase.
  3662 | Ossuary  | Entered an ossuary
  3662 | Ossuary  | Noticed a wraith
  3662 | Ossuary  | Noticed a wraith
  3662 | Ossuary  | Noticed a wraith
  3980 | Ossuary  | Noticed a wraith
  4011 | Ossuary  | Killed a wraith
  4011 | Ossuary  | Reached skill level 4 in Spellcasting
  4011 | Ossuary  | Reached skill level 5 in Conjurations
  4488 | D:5      | Reached skill level 5 in Fire Magic
  4676 | D:5      | Reached skill level 6 in Conjurations
  4885 | D:5      | Reached XP level 8. HP: 57/57 MP: 18/21
  5159 | D:6      | Found a radiant altar of Vehumet.
  5180 | D:6      | Found a blossoming altar of Fedhas.
  5182 | D:6      | Noticed Eustachio
  5192 | D:6      | Learned a level 4 spell: Sticky Flame
  5641 | D:6      | Reached skill level 6 in Fire Magic
  5649 | D:6      | Found a snail-covered altar of Cheibriados.
  5653 | D:6      | Found a glowing golden altar of the Shining One.
  5666 | D:6      | Reached skill level 5 in Spellcasting
  5790 | D:6      | Found a burning altar of Makhleb.
  6089 | D:6      | Killed Eustachio
  6419 | D:6      | Reached skill level 7 in Conjurations
  6419 | D:6      | Reached skill level 7 in Fire Magic
  6455 | D:6      | Reached XP level 9. HP: 51/62 MP: 20/24
  7173 | D:7      | Found a roughly hewn altar of Beogh.
  7649 | D:8      | Found a shattered altar of Ashenzari.
  7695 | D:7      | Reached skill level 8 in Fire Magic
  7702 | D:7      | Learned a level 5 spell: Fireball
  7719 | D:8      | Reached skill level 6 in Spellcasting
  7833 | D:8      | Reached skill level 8 in Conjurations
  7983 | D:8      | Noticed Sorcv's ghost (experienced KoEn)
  7994 | D:8      | Killed Sorcv's ghost
  8047 | D:8      | Found a basalt altar of Yredelemnul.
  8154 | D:8      | Reached XP level 10. HP: 69/69 MP: 20/27
  8278 | D:8      | Reached skill level 9 in Fire Magic
  8335 | D:8      | Reached skill level 9 in Conjurations
  8804 | D:8      | Found an ancient bone altar of Kikubaaqudgha.
  9474 | D:9      | Reached skill level 7 in Spellcasting
  9636 | D:9      | Noticed Edmund
  9640 | D:9      | Killed Edmund
 10485 | D:10     | Entered Level 10 of the Dungeon
 10503 | D:10     | Reached skill level 10 in Fire Magic
 10629 | D:10     | Noticed Sonja
 10646 | D:10     | Killed Sonja
 10650 | D:10     | --now that was a lucky distortion blink!
 10650 | D:10     | --next to a croc and a spore, explosion would have killed me!
 10751 | D:10     | Reached skill level 1 in Evocations
 10862 | D:10     | Found a staircase to the Lair.
 10968 | D:10     | Noticed a hill giant
 10983 | D:10     | Killed a hill giant
 10983 | D:10     | Reached skill level 2 in Evocations
 11038 | Lair:1   | Entered Level 1 of the Lair of Beasts
 11040 | Lair:1   | Noticed Gastronok
 11057 | D:10     | Gained mutation: You are partially covered in yellow scales (AC +2). [potion of beneficial mutation]
 11140 | D:10     | Reached skill level 10 in Conjurations
 11240 | D:10     | Reached XP level 11. HP: 74/74 MP: 20/29
 11430 | D:10     | Noticed Nergalle
 11443 | D:10     | Killed Nergalle
 11443 | D:10     | Reached skill level 3 in Evocations
 11884 | D:11     | Reached skill level 8 in Spellcasting
 12006 | D:11     | Reached skill level 4 in Evocations
 12067 | D:11     | Noticed Urug
 12092 | D:11     | Reached skill level 5 in Evocations
 12093 | D:11     | HP: 22/74 [orc priest/divine providence (8)]
 12102 | D:11     | HP: 14/74 [warg (13)]
 12140 | D:11     | Found a staircase to the Orcish Mines.
 12309 | D:11     | Noticed Erica
 12317 | D:11     | Killed Erica
 12317 | D:11     | Reached skill level 6 in Evocations
 12725 | D:11     | Found a blossoming altar of Fedhas.
 12727 | D:11     | Reached skill level 7 in Evocations
 12768 | D:11     | Killed Urug
 12784 | D:11     | Reached skill level 8 in Evocations
 12984 | D:11     | Got a clouded jade ring
 12986 | D:11     | Identified the ring "Pleyntuabb" {-Cast +Fly rC+ rN+ MP+9 Stlth+} (You found it on level 11 of the Dungeon)
 13735 | D:11     | Found a blossoming altar of Fedhas.
 13892 | Lair:1   | Killed Gastronok
 14452 | Lair:1   | HP: 20/74 [killer bee (12)]
 14458 | Lair:1   | HP: 17/74 [killer bee (4)]
 14464 | Lair:1   | HP: 13/74 [killer bee (4)]
 14567 | Lair:1   | Learned a level 3 spell: Inner Flame
 15651 | Lair:2   | Reached XP level 12. HP: 68/81 MP: 21/31
 16109 | Lair:2   | Reached skill level 11 in Conjurations
 16285 | Lair:3   | Reached skill level 11 in Fire Magic
 16375 | Lair:3   | Learned a level 3 spell: Stone Arrow
 16819 | Lair:3   | Found a staircase to the Snake Pit.
 17167 | Lair:3   | Noticed a four-headed hydra
 17184 | Lair:3   | Killed a four-headed hydra
 17653 | Lair:4   | Reached skill level 9 in Spellcasting
 18413 | Lair:4   | Noticed a four-headed hydra
 18414 | Lair:4   | Found a staircase to the Swamp.
 18446 | Lair:4   | Killed a four-headed hydra
 18641 | Lair:4   | Reached skill level 12 in Conjurations
 18813 | Lair:4   | Noticed an eight-headed hydra
 18823 | Lair:4   | Killed an eight-headed hydra
 19079 | Lair:4   | Reached skill level 12 in Fire Magic
 19534 | Lair:5   | Reached XP level 13. HP: 86/86 MP: 21/32
 20010 | Lair:5   | Noticed Maud
 20206 | Lair:5   | Killed Maud
 21025 | Lair:5   | Upgraded the game from 0.16.0-17-g811c1d7 to 0.16.0-18-g484a79e
 21406 | Lair:6   | Found a staircase to the Slime Pits.
 21729 | Lair:6   | HP: 22/86 [freezing wraith (4)]
 21737 | Lair:6   | HP: 13/86 [yak (6)]
 21748 | Lair:6   | HP: 17/86 [ice beast (3)]
 22192 | Lair:6   | Reached skill level 13 in Conjurations
 22451 | Lair:6   | Reached skill level 13 in Fire Magic
 22906 | Lair:6   | Reached skill level 10 in Spellcasting
 24301 | Lair:7   | Reached XP level 14. HP: 31/93 MP: 5/34
 25053 | Lair:8   | Entered Level 8 of the Lair of Beasts
 25097 | Lair:8   | Learned a level 2 spell: Sublimation of Blood
 25234 | Lair:8   | Reached skill level 1 in Necromancy
 25387 | Lair:8   | Reached skill level 2 in Necromancy
 25758 | Lair:8   | Reached skill level 3 in Necromancy
 26296 | Lair:8   | HP: 27/93 [sheep (7)]
 26340 | Lair:8   | HP: 21/93 [yak (8)]
 26345 | Lair:8   | HP: 16/93 [fire drake/blast of flame (9)]
 26358 | Lair:8   | HP: 25/93 [sheep (2)]
 26364 | Lair:8   | HP: 9/93 [blink frog (9)]
 26676 | Lair:8   | HP: 9/93 [death yak (19)]
 26680 | Lair:8   | Reached skill level 14 in Conjurations
 26812 | Lair:8   | Reached skill level 14 in Fire Magic
 28126 | Orc:1    | Entered Level 1 of the Orcish Mines
 28127 | Orc:1    | Found Fobyreasa's Distillery.
 28413 | Orc:1    | Found Thuqul's Book Shop.
 28557 | Orc:1    | Found Smexup's Distillery.
 29129 | Orc:1    | Found Depiaki's Book Shop.
 29191 | Orc:1    | Bought a book of Fire for 1040 gold pieces
 29198 | Orc:1    | Learned a level 6 spell: Bolt of Fire
 29313 | Orc:1    | Bought a potion of heal wounds for 50 gold pieces
 29313 | Orc:1    | Bought a potion of cure mutation for 350 gold pieces
 29313 | Orc:1    | Bought a potion of haste for 100 gold pieces
 30017 | Orc:4    | Entered Level 4 of the Orcish Mines
 30050 | Orc:4    | Found a roughly hewn altar of Beogh.
 30050 | Orc:4    | Found Friuqauh's Jewellery Boutique.
 30159 | Orc:4    | Found a roughly hewn altar of Beogh.
 30283 | Orc:4    | Found a staircase to the Elven Halls.
 30289 | Orc:4    | Found a roughly hewn altar of Beogh.
 30416 | Orc:3    | Found Jyumur's Antique Weapon Boutique.
 30769 | Orc:4    | Found a roughly hewn altar of Beogh.
 30792 | Orc:4    | Found Zomucor's Jewellery Boutique.
 30851 | Orc:4    | Noticed Donald
 30852 | Orc:4    | --Donald where's yer troosers?!
 30857 | Orc:4    | Killed Donald
 31029 | Orc:4    | HP: 25/93 [orc knight/bolt (15)]
 31217 | Orc:4    | Noticed Grum
 31229 | Orc:4    | Killed Grum
 31295 | Orc:4    | Found a roughly hewn altar of Beogh.
 31346 | Orc:4    | Noticed Fannar
 31359 | Orc:4    | Killed Fannar
 31579 | Orc:4    | HP: 25/93 [sixfirhy[an orc high priest] (9)]
 31579 | Orc:4    | HP: 11/93 [sixfirhy[an orc high priest] (7)]
 31579 | Orc:4    | HP: 4/93 [sixfirhy[an orc high priest] (7)]
 31579 | Orc:4    | Slain by a sixfirhy

Action                   |  1- 3 |  4- 6 |  7- 9 | 10-12 | 13-15 || total
-------------------------+-------+-------+-------+-------+-------++-------
Melee: Unarmed           |    10 |       |       |       |       ||    10
       Hand axe          |    18 |       |       |       |       ||    18
       Dagger            |    11 |    13 |    43 |       |       ||    67
       Long sword        |       |       |    19 |       |       ||    19
       Whip              |       |       |    21 |   389 |   451 ||   861
       Demon trident     |       |       |       |       |    31 ||    31
       Staff             |       |       |       |       |     2 ||     2
 Fire: Blowgun           |     1 |     9 |    32 |   117 |     4 ||   163
       Hunting sling     |       |    46 |   209 |   106 |     3 ||   364
Throw: Stone             |       |       |    42 |     4 |       ||    46
 Cast: Flame Tongue      |    73 |    54 |   220 |   309 |   116 ||   772
       Conjure Flame     |       |     2 |    33 |   129 |   189 ||   353
       Throw Flame       |       |       |    13 |   135 |   130 ||   278
       Sticky Flame      |       |       |     8 |    62 |   118 ||   188
       Fireball          |       |       |       |     8 |    19 ||    27
       Stone Arrow       |       |       |       |     6 |   106 ||   112
       Inner Flame       |       |       |       |     1 |    27 ||    28
       Bolt of Fire      |       |       |       |       |    16 ||    16
       Sublimation of Bl |       |       |       |       |     4 ||     4
 Abil: Stop Flying       |       |       |       |     1 |       ||     1
       Evoke Flight      |       |       |       |     1 |       ||     1
Evoke: Wand              |       |       |     1 |     2 |     5 ||     8
       Sack of spiders   |       |       |       |     2 |     1 ||     3
       Staff of energy   |       |       |       |       |   119 ||   119
  Use: Scroll            |     2 |     5 |    12 |    16 |     4 ||    39
       Potion            |       |       |       |     3 |     2 ||     5
 Stab: Sleeping          |     4 |     3 |     2 |    12 |     3 ||    24
       Distracted        |       |       |       |     3 |     1 ||     4
  Eat: Chunk             |     4 |     5 |    17 |    41 |    53 ||   120
       Pizza             |       |       |     1 |     2 |       ||     3
       Beef jerky        |       |       |       |     1 |       ||     1
       Meat ration       |       |       |       |       |     1 ||     1
       Fruit             |       |       |       |       |     1 ||     1

Table legend:
 A = Turns spent in this place as a percentage of turns spent in the entire game.
 B = Non-inter-level travel turns spent in this place as a percentage of non-inter-level travel turns spent in the entire game.
 C = Inter-level travel turns spent in this place as a percentage of turns spent in this place.
 D = Turns resting spent in this place as a percentage of non-inter-level travel turns spent in this place.
 E = Turns spent auto-exploring this place as a percentage of non-inter-level travel turns spent in this place.
 F = Non-inter-level travel turns spent in this place divided by the number of levels of this place that you've seen.
                   A       B       C       D       E      F
               +-------+-------+-------+-------+-------+----------------------
         Total | 100.0 | 100.0 |   0.4 |   2.7 |   3.2 | 584.2
       Dungeon |  43.2 |  43.2 |   0.4 |   1.9 |   3.9 | 550.2
          Lair |  38.8 |  38.8 |   0.4 |   4.3 |   3.1 | 679.2
  Orcish Mines |  15.9 |  15.9 |   0.3 |   0.9 |   1.9 | 557.2
       Ossuary |   2.2 |   2.2 |   0.0 |   1.6 |   0.3 | 307.0
               +-------+-------+-------+-------+-------+----------------------

Vault maps used:
D:1:      saegor_arrival_simple_a, minmay_rat_gold_closets
D:2:      elyvilon_altar_5, old_standard_altar, st_stairs_11,
          kennysheep_generic_room_13, uniq_sigmund
D:3:      xom_butterflies, uniq_iyjb
D:4:      nemelex_deck, kennysheep_little_box, minmay_temple_entry_mist,
          first_bread, uniq_menkaure
D:5:      serial_bayou, serial_bayou_shore_a, serial_bayou_crossing,
          serial_bayou_pond_c, serial_bayou_lagoon_a, enter_ossuary_2,
          abandoned_shop
D:6:      nicolae_overflow_hidden_temple, kennysheep_mini,
          grunt_temple_overflow_open, uniq_eustachio
D:7:      david_defended_altar_orc
D:8:      kiku_gazebo_pond_becter, old_standard_altar, basic_altar, serial_ice,
          serial_ice_b, serial_ice_n, serial_ice_e, serial_ice_m, serial_ice_j,
          serial_ice_f, serial_ice_a, serial_ice_o, serial_ice_c, serial_ice_g
D:9:      kennysheep_six_static_rooms, uniq_edmund
D:10:     david_lair_generic, uniq_sonja, uniq_nergalle
D:11:     minmay_opposing_rooms, david_orc_3, hangedman_tree_tricks,
          fedhas_altar_2, uniq_urug, uniq_erica
Lair:1:   special_room, uniq_gastronok
Lair:2:   lemuel_fruit_fields
Lair:3:   minmay_snake_entry_guardpost_medium, serial_bayou_ford_a
Lair:4:   minmay_swamp_entry_reptiles
Lair:5:   uniq_maud
Lair:6:   boulder_dual_corridor_run, minmay_slime_entry_jelly_boxes,
          roderic_ravens_nest, serial_bayou_pond_d, ice2_lemuel
Lair:8:   guppyfry_lair_end_dragon, hangedman_lair_in_review
Orc:1:    serial_shops, nicolae_shop_trees, shop_statue, shop, shop
Orc:2:    nicolae_orc_rockfall
Orc:3:    serial_shops, nicolae_shop_trees, nicolae_orc_pool_cavern
Orc:4:    grunt_orc_community_town_hall, grunt_orc_community_big_house_1,
          grunt_orc_community_big_house_2, grunt_orc_community_house_1,
          grunt_orc_community_house_2, grunt_orc_community_house_1,
          grunt_orc_community_house_3, kennysheep_orc_chapel, uniq_grum,
          uniq_fannar, uniq_donald
Ossuary:  ossuary_due_mausoleum
